 Dungeon Crawl Stone Soup version 0.28-a0-948-gee6e0bcda6 (webtiles) character file.

Game seed: 11442869925461360671

18 Gargoyl the Skirmisher (level 2, -1/29 HPs)
             Began as a Gnoll Abyssal Knight on Nov 30, 2021.
             Was a Follower of Lugonu.
             Succumbed to a kobold's poison
             ... on level 1 of the Dungeon.
             The game lasted 00:01:34 (658 turns).

Gargoyl the Skirmisher (Gnoll Abyssal Knight)        Turns: 658, Time: 00:01:34

Health: -1/29      AC: 15    Str: 12    XL:     2   Next: 66%
Magic:  5/5        EV:  3    Int:  9    God:    Lugonu [*.....]
Gold:   44         SH:  0    Dex: 12    Spells: 2/2 levels left

rFire   + . .      SeeInvis .   a - +1 hand axe
rCold   + . .      Faith    .   (no shield)
rNeg    . . .      Spirit   .   e - +0 plate armour
rPois   +          Reflect  .   c - +1 helmet
rElec   +          Harm     .   f - +0 cloak
rCorr   +          Rampage  .   (no gloves)
Will    .....                   (no boots)
Stlth   ..........              (no amulet)
HPRegen 0.09/turn               (no ring)
MPRegen 0.09/turn               (no ring)

@: lethally poisoned (-1 -> -8), resistant
A: fangs 1, strong nose, distributed training
a: Renounce Religion, Depart the Abyss


You were on level 1 of the Dungeon.
You worshipped Lugonu.
Lugonu was aware of your devotion.
You visited 1 branch of the dungeon, and saw 1 of its levels.
You visited the Abyss 1 time.

You collected 44 gold pieces.

Inventory:

Hand Weapons
 a - a +1 hand axe (weapon)
Armour
 c - a +1 helmet (worn)
 e - a +0 plate armour (worn)
 f - a +0 cloak (worn)
Scrolls
 d - a scroll of noise {unknown}


   Skills:
 + Level 6.5 Fighting
 + Level 0.5 Short Blades
 + Level 0.5 Long Blades
 + Level 4.5 Axes
 + Level 0.5 Maces & Flails
 + Level 0.5 Polearms
 + Level 0.5 Staves
 + Level 0.5 Slings
 + Level 0.5 Bows
 + Level 0.5 Crossbows
 + Level 0.5 Throwing
 + Level 4.5 Armour
 + Level 2.5 Dodging
 + Level 0.5 Stealth
 + Level 0.5 Shields
 + Level 0.5 Unarmed Combat
 + Level 0.5 Spellcasting
 + Level 0.3 Conjurations
 + Level 0.3 Hexes
 + Level 0.3 Summonings
 + Level 0.3 Necromancy
 + Level 0.3 Translocations
 + Level 0.3 Transmutations
 + Level 0.3 Fire Magic
 + Level 0.3 Ice Magic
 + Level 0.3 Air Magic
 + Level 0.3 Earth Magic
 + Level 0.3 Poison Magic
 + Level 4.5 Invocations
 + Level 0.5 Evocations


You had 2 spell levels left.
You didn't know any spells.
Your spell library contained the following spells:

 Spells                   Type           Power      Damage    Failure   Level
 Gell's Gravitas          Tloc           0%         N/A       100%        3
 Lesser Beckoning         Tloc           0%         N/A       100%        3
 Teleport Other           Tloc           0%         N/A       100%        3


Dungeon Overview and Level Annotations

Branches:
Dungeon (1/15)

Altars:


Innate Abilities, Weirdness & Mutations

You have very sharp teeth.
Your uncanny sense of smell can sniff out nearby items.
Your experience applies equally to all skills.


Message History

Lugonu accepts your kill.
You feel sick. The kobold hits you but does no damage.
You are more poisoned.
You hit the kobold but do no damage.
The kobold is severely wounded.
You feel very sick. The kobold hits you but does no damage.
Unknown command.
You closely miss the kobold.
The kobold is severely wounded.
You feel very sick. The kobold hits you but does no damage.
Your plate armour prevents you from hitting the kobold.
The kobold is severely wounded.
You feel very sick. The kobold hits you but does no damage.
You are lethally poisoned!
Unknown command.
It was a potion of resistance.
You feel protected.
You feel very sick. The kobold hits you but does no damage.
Unknown command.
You hit the kobold but do no damage.
The kobold is severely wounded.
* * * LOW HITPOINT WARNING * * *
You feel very sick. The kobold hits you but does no damage.
You hit the kobold but do no damage.
The kobold is severely wounded.
* * * LOW HITPOINT WARNING * * *
You feel very sick.
The kobold hits you with a +2 dagger of venom.
* * * LOW HITPOINT WARNING * * *
Unknown command.
Unknown command.
You hit the kobold.
You kill the kobold!
Lugonu accepts your kill.
You die...

#............ .#.#+#+###
########..... ...#.#....
.............
.#.......##########.....
........$...............
#.......###.######.....
#.....††# #........####
#.....†.# #...[....###
#....)@.# #..........#
#.......# #........#.##
!........# #............
.........###.#######.'#≈
.........#...#######.#..
.........#...#.....#.≈..
.........#...#.###.#.≈.<
...#######...#.#.#.#.≈..
#.......#.#.#..


There were no monsters in sight!

Vanquished Creatures
  2 dart slugs (D:1)
  An endoplasm (D:1)
  A goblin (D:1)
  2 hobgoblins (D:1)
  A kobold (D:1)
  A quokka (D:1)
  3 ball pythons (D:1)
  2 frilled lizards (D:1)
  2 rats (D:1)
15 creatures vanquished.

Notes
Turn   | Place    | Note
-------+----------+-------------------------------------------
     0 | Abyss:1  | Gargoyl the Gnoll Abyssal Knight began the quest for the
                  | Orb.
     0 | Abyss:1  | Reached XP level 1. HP: 23/23 MP: 3/3
    74 | Abyss:2  | Noticed a spatial vortex
    84 | Abyss:2  | Noticed a spatial vortex
   122 | Abyss:2  | Noticed a raiju
   123 | Abyss:2  | Noticed a quasit
   124 | D:1      | Escaped the Abyss
   352 | D:1      | Found a faded altar of an unknown god.
   407 | D:1      | Reached XP level 2. HP: 29/29 MP: 5/5
   436 | D:1      | Reached * piety under Lugonu
   657 | D:1      | HP: 1/29 [kobold (4)]
   658 | D:1      | Succumbed to a kobold's poison

Illustrated notes

Levels and vault maps discovered:
D:1:      dpeg_arrival_rooms_with_view, layout_basic,
          shapermc_ecumenical_altar_flowoftime

Action                   || total
-------------------------++-------
Melee: Hand axe          ||    49
       Bite              ||     3
Invok: Depart the Abyss  ||     1
  Use: Scroll            ||     3
       Potion            ||     2
Armor: Plate armour      ||    45
Dodge: Dodged            ||     7

Table legend: (Time is in decaauts)
 A = Elapsed time spent in this place.
 B = Non-inter-level travel time spent in this place.
 C = Inter-level travel time spent in this place.
 D = Time resting spent in this place.
 E = Time spent auto-exploring this place.
 F = Levels seen in this place.
 G = Mean time per level.
                   A        B        C        D        E       F      G
               +--------+--------+--------+--------+--------+-----+--------+
         Total |    661 |    661 |      0 |      9 |    457 |   3 |  220.3 |
       Dungeon |    538 |    538 |      0 |      0 |    424 |   1 |  538.0 |
         Abyss |    123 |    123 |      0 |      9 |     33 |   2 |   61.5 |
               +--------+--------+--------+--------+--------+-----+--------+

Top non-repeatable levels by time:
     D:1: 538 daAuts
 Abyss:2: 87 daAuts
 Abyss:1: 36 daAuts
